 Dungeon Crawl Stone Soup version 0.30-a0-918-g0ff054e9dc (webtiles) character file.

Game seed: 5348905537159637974

122 cforsyth the Covered (level 5, -1/42 HPs)
             Began as a Human Fighter on Mar 21, 2023.
             Slain by a gnoll
             ... wielding a +0 spear
              (7 damage)
             ... on level 3 of the Dungeon.
             The game lasted 00:01:45 (2033 turns).

cforsyth the Covered (Human Fighter)                Turns: 2033, Time: 00:01:46

Health: -1/42      AC:  7    Str: 19    XL:     5   Next: 27%
Magic:  5/5        EV:  9    Int:  8    God:
Gold:   105        SH:  4    Dex: 12    Spells: 4/4 levels left

rFire   . . .      SeeInvis .    a - +0 flail
rCold   . . .      Faith    .    c - +0 buckler
rNeg    . . .      Spirit   .    b - +0 scale mail
rPois   .          Reflect  .    (no helmet)
rElec   .          Rampage  .    (no cloak)
rCorr   .                        (no gloves)
Will    .....                    (no boots) Stlth
                                 (no amulet)
HPRegen 0.27/turn                (no ring)
MPRegen 0.09/turn                (no ring)

@: no status effects
A: no striking features
a: no special abilities


You were on level 3 of the Dungeon.
You visited 1 branch of the dungeon, and saw 3 of its levels.

You collected 105 gold pieces.

Inventory:

Hand Weapons
 a - a +0 flail (weapon)
Armour
 b - a +0 scale mail (worn)
 c - a +0 buckler (worn)
Jewellery
 j - a ring of see invisible
Scrolls
 e - 5 scrolls of identify {unknown}
 g - a scroll of torment {unknown}
 i - a scroll of vulnerability {unknown}
 k - a scroll of enchant armour {unknown}
 l - a scroll of blinking {unknown}
 n - a scroll of teleportation {unknown}
Potions
 d - 3 potions of might
 f - a potion of curing {unknown}
 h - a potion of lignification {unknown}
 m - 2 potions of heal wounds {unknown}


   Skills:
 + Level 3.7 Fighting
 + Level 3.0 Maces & Flails
 + Level 3.7 Armour
 + Level 3.7 Shields


You had 4 spell levels left.
You didn't know any spells.
Your spell library was empty.

Dungeon Overview and Level Annotations

Branches:
Dungeon (3/15)

Altars:


Message History

The gnoll shoots a sling bullet.
The sling bullet barely misses you.
You hear a shout!
You barely miss the gnoll.
The gnoll zaps a wand.
The bolt of acid hits you!!
Ouch! That really hurt!
The gnoll zaps a wand.
The bolt of acid misses you.
You are too injured to fight recklessly!
You are too injured to fight recklessly!
You are too injured to fight recklessly!
You are too injured to fight recklessly!
You are too injured to fight recklessly!
You are too injured to fight recklessly!
You are too injured to fight recklessly!
You are too injured to fight recklessly!
You are too injured to fight recklessly!
You are too injured to fight recklessly!
You are too injured to fight recklessly!
You are too injured to fight recklessly!
You thump the gnoll!
The gnoll is severely wounded.
The gnoll hits you with a +0 flail.
You hit the gnoll.
The gnoll is severely wounded.
The gnoll misses you.
You hit the gnoll.
You kill the gnoll!
The gnoll shoots a sling bullet.
The sling bullet barely misses you.
The gnoll shouts!
The gnoll unwields a +0 sling.
The gnoll wields a +0 whip.
The gnoll hits you with a +0 whip.
* * * LOW HITPOINT WARNING * * *
Items here: ! ) / †.
You hit the gnoll.
The gnoll is lightly wounded.
The gnoll closely misses you. The gnoll barely misses you.
You closely miss the gnoll.
The gnoll is lightly wounded.
The gnoll misses you. The gnoll hits you with a +0 whip!
* * * LOW HITPOINT WARNING * * *
The gnoll hits you from afar with a +0 spear!
You die...

.. .. ######### .# #
#.......# .# ..
#.......# .###..#
#.......# g!.....
#.......##......#
#.)......@g......
#..[....##..##...
#..........###...####
#........### #...#..
#........#####...#.####
#......>.........#....
...
###.#########.#.....#
#.# #....######.......#
#.# #....#............#
#.#


You could see 2 gnolls.

Vanquished Creatures
  An iguana (D:3)
  4 adders
  A gnoll (D:3)
  A worm (D:2)
  2 dart slugs
  3 bats (D:1)
  6 endoplasms
  2 giant cockroaches (D:1)
  3 goblins
  A hobgoblin (D:2)
  4 jackals (D:2)
  A quokka (D:2)
  4 ball pythons
  A frilled lizard (D:1)
  6 kobolds
  4 rats (D:1)
44 creatures vanquished.

Notes
Turn   | Place    | Note
-------+----------+-------------------------------------------
     0 | D:1      | cforsyth the Human Fighter began the quest for the Orb.
     0 | D:1      | Reached XP level 1. HP: 18/18 MP: 1/1
    90 | D:1      | Reached XP level 2. HP: 23/24 MP: 2/2
   135 | D:1      | Found a faded altar of an unknown god.
   408 | D:1      | Reached XP level 3. HP: 29/29 MP: 3/3
  1050 | D:2      | Reached XP level 4. HP: 25/35 MP: 4/4
  1824 | D:3      | Reached XP level 5. HP: 12/42 MP: 5/5
  1986 | D:3      | Identified the +1 robe of the End {Int+5}
  2033 | D:3      | Slain by a gnoll

Illustrated notes

Levels and vault maps discovered:
D:1:      minmay_arrival_hallway, layout_loops_cross,
          shapermc_ecumenical_altar_venn, minmay_misc_feat_diagonals
D:2:      layout_basic
D:3:      layout_basic

Skill      XL: |  1  2  3  4  5 |
---------------+----------------+-----
Maces & Flails | 3 |  3.0
Fighting       | |  3.7
Armour         | |  3.7
Shields        | |  3.7

Action                     |  1- 3 |  4- 6 || total
---------------------------+-------+-------++-------
  Melee: Flail             |   106 |    66 ||   172
 Armour: Scale mail        |    56 |    30 ||    86
  Dodge: Dodged            |    45 |    43 ||    88
  Block: Buckler           |    25 |     9 ||    34

Table legend: (Time is in decaauts)
 A = Elapsed time spent in this place.
 B = Non-inter-level travel time spent in this place.
 C = Inter-level travel time spent in this place.
 D = Time resting spent in this place.
 E = Time spent auto-exploring this place.
 F = Levels seen in this place.
 G = Mean time per level.
                   A        B        C        D        E       F      G
               +--------+--------+--------+--------+--------+-----+--------+
         Total |   2085 |   2014 |     71 |      0 |   1640 |   3 |  695.0 |
       Dungeon |   2085 |   2014 |     71 |      0 |   1640 |   3 |  695.0 |
               +--------+--------+--------+--------+--------+-----+--------+

Top non-repeatable levels by time:
     D:2: 877 daAuts
     D:1: 750 daAuts
     D:3: 457 daAuts
